 Dungeon Crawl Stone Soup version 0.22-a0-512-g0943f25 (webtiles) character file.

84 KristoblXynda the Ruffian (level 4, -4/39 HPs)
             Began as a Troll Wizard on June 18, 2018.
             Slain by a worker ant (6 damage)
             ... on level 3 of the Dungeon.
             The game lasted 00:03:50 (1462 turns).

KristoblXynda the Ruffian (Troll Wizard)            Turns: 1462, Time: 00:03:52

Health: -4/39      AC:  5    Str: 15    XL:     4   Next: 23%
Magic:  6/6        EV: 15    Int: 20    God:
Gold:   115        SH:  0    Dex: 13    Spells: 3/7 levels left

rFire    . . .     SeeInvis .     - Unarmed
rCold    . . .     Gourm    +   (no shield)
rNeg     . . .     Faith    .   a - +0 robe
rPois    .         Spirit   .   b - +0 hat
rElec    .         Reflect  .   (no cloak)
rCorr    .         Harm     .   (gloves unavailable)
MR       .....                  (boots unavailable)
Stlth    +++.......             (no amulet)
HPRegen  0.53/turn              (no ring)
MPRegen  0.10/turn              (no ring)

@: brilliant, agile, lethally poisoned (-4 -> -5), hasted, very quick
A: large, unfitting armour, claws 3, fast metabolism 3, gourmand, regeneration
1, shaggy fur 1, tough skin 2
a: no special abilities


You were on level 3 of the Dungeon.
You were completely stuffed.

You visited 1 branch of the dungeon, and saw 3 of its levels.

You collected 115 gold pieces.

Inventory:

Armour
 a - a +0 robe (worn)
 b - a +0 hat (worn)
Scrolls
 c - 2 scrolls of teleportation {unknown}
 e - a scroll of amnesia {unknown}
 f - 2 scrolls of enchant armour {unknown}
 l - a scroll of noise {unknown}
 m - a scroll of remove curse {unknown}
 o - a scroll of fear {unknown}
 p - a scroll of blinking {unknown}
Potions
 g - a potion of degeneration
 h - a potion of flight
 i - a potion of brilliance
Comestibles
 d - 3 rations
 r - a chunk of flesh


   Skills:
 - Level 1.5 Dodging
 - Level 1.0 Stealth
 + Level 2.6 Unarmed Combat
 - Level 2.0 Spellcasting
 + Level 2.1 Conjurations
   Level 0.6 Summonings
   Level 0.6 Translocations


You had 3 spell levels left.
You knew the following spells:

 Your Spells              Type           Power        Failure   Level  Hunger
a - Magic Dart            Conj           ###.         1%          1    #......
b - Mephitic Cloud        Conj/Pois/Air  ###.....     4%          3    ###....

Your spell library contained the following spells:

 Spells                   Type           Power        Failure   Level  Hunger
 Conjure Flame            Conj/Fire      ###.....     3%          3    ###....
 Slow                     Hex            ##......     3%          2    ##.....
 Blink                    Tloc           N/A          2%          2    ##.....
 Call Imp                 Summ           ###.....     2%          2    ##.....


Dungeon Overview and Level Annotations

Branches:
Dungeon (3/15)

Altars:
Hepliaklqana


Innate Abilities, Weirdness & Mutations

You are too large for most types of armour.
You have claws for hands.
Your metabolism is lightning-fast.
You like to eat raw meat.
Your natural rate of healing is unusually fast.
You are covered in fur. (AC +1)
You have very tough skin. (AC +2)


Message History

The worker ant is moderately wounded.
* * * LOW HITPOINT WARNING * * *
You feel sick. The worker ant misses you.
You scratch the worker ant.
The worker ant is heavily wounded.
The worker ant bites you but does no damage.
You scratch the worker ant but do no damage.
The worker ant is heavily wounded.
* * * LOW HITPOINT WARNING * * *
You feel sick. The worker ant misses you.
You closely miss the worker ant.
The worker ant is heavily wounded.
You scratch the worker ant.
The worker ant is almost dead.
* * * LOW HITPOINT WARNING * * *
You feel sick. The worker ant barely misses you.
You scratch the worker ant but do no damage.
The worker ant is almost dead.
The worker ant bites you.
You die...

#.....>...#
#.........#
#...o.....#
#....<....#
#.......# ..
#...o...#### ##..
#..o.......####..
####.o..#.....#.##
#@aoo.......###...
####o........#....
#..............
#...#..........
##..##.......)..
#...............
#................
#.........####...
...#......## ##..


You could see a worker ant, an orc priest and 3 orcs.

Vanquished Creatures
  4 adders
  2 worms (D:2)
  A dart slug (D:2)
  2 leopard geckos
  An orc (D:3)
  3 bats
  2 giant cockroaches
  4 goblins (D:1)
  5 hobgoblins
  2 quokkas (D:2)
  A ball python (D:2)
  3 frilled lizards
  6 kobolds
  2 rats
38 creatures vanquished.

Notes
Turn   | Place    | Note
-------+----------+-------------------------------------------
     0 | D:1      | KristoblXynda the Troll Wizard began the quest for the Orb.
     0 | D:1      | Reached XP level 1. HP: 16/16 MP: 2/2
   109 | D:1      | Reached skill level 1 in Conjurations
   170 | D:1      | Reached skill level 1 in Unarmed Combat
   231 | D:1      | Reached XP level 2. HP: 24/24 MP: 4/4
   757 | D:2      | Reached XP level 3. HP: 20/31 MP: 5/5
   790 | D:2      | Learned a level 3 spell: Mephitic Cloud
  1113 | D:2      | Reached XP level 4. HP: 33/39 MP: 6/6
  1164 | D:2      | Found a hazy altar of Hepliaklqana.
  1461 | D:3      | HP: 1/39 [poisoned by a worker ant]
  1462 | D:3      | Slain by a worker ant

Vault maps used:
D:1:      mushboom_english_gardens
D:2:      lemuel_doored_altar
D:3:      lemuel_castle_with_subvaults, grunt_temple_overflow_growth_and_decay,
          first_ration, hex_tiny, kennysheep_decorative_pillar, minmay_ruptured

Skill      XL: |  1  2  3 |
---------------+----------+-----
Conjurations   | 1 2 |  2.1
Unarmed Combat | 1 2 |  2.6
Dodging        | |  1.5
Stealth        | |  1.0
Spellcasting   | |  2.0
Summonings     | |  0.6
Translocations | |  0.6

Action                   |  1- 3 |  4- 6 || total
-------------------------+-------+-------++-------
Melee: Unarmed           |   118 |    29 ||   147
 Cast: Magic Dart        |     1 |       ||     1
  Use: Scroll            |       |     4 ||     4
       Potion            |       |     4 ||     4
 Stab: Sleeping          |     2 |       ||     2
  Eat: Chunk             |    16 |     3 ||    19
Armor: Robe              |    26 |    10 ||    36
Dodge: Dodged            |    55 |    18 ||    73

Table legend:
 A = Spawn XP
 B = Non-spawn XP
 C = Spawn XP percentage of total XP
 D = Spawn monster count
 E = Non-spawn monster count
 F = Spawn count percentage of total count
 G = Total turns spent on level
                    A         B        C        D         E        F      G
               +---------+---------+-------+---------+---------+-------+---------
         Total |       0 |     120 |   0.0 |       0 |      38 |   0.0 |  1462
               +---------+---------+-------+---------+---------+-------+---------
           D:1 |       0 |      22 |   0.0 |       0 |      13 |   0.0 |   618
           D:2 |       0 |      81 |   0.0 |       0 |      22 |   0.0 |   726
           D:3 |       0 |      17 |   0.0 |       0 |       3 |   0.0 |   118
               +---------+---------+-------+---------+---------+-------+---------
